 Dungeon Crawl Stone Soup version 0.22.3-3-g34f245f157 (webtiles) character file.

46 DrunkBamboolord the Ruffian (level 3, -1/31 HPs)
             Began as a Naga Transmuter on Apr 14, 2024.
             Slain by an adder (3 damage)
             ... on level 2 of the Dungeon.
             The game lasted 00:04:47 (1510 turns).

DrunkBamboolord the Ruffian (Naga Transmuter)       Turns: 1510, Time: 00:04:48

Health: -1/31      AC:  2    Str: 12    XL:     3   Next: 68%
Magic:  6/6        EV: 10    Int: 14    God:
Gold:   0          SH:  0    Dex: 11    Spells: 0/6 levels left

rFire    . . .     SeeInvis +     - Unarmed
rCold    . . .     Gourm    .   (no shield)
rNeg     . . .     Faith    .   b - +0 robe
rPois    +         Spirit   .   (no helmet)
rElec    .         Reflect  .   (no cloak)
rCorr    .         Harm     .   (no gloves)
MR       .....                  (no barding)
Stlth    ++........             (no amulet)
HPRegen  0.10/turn              (no ring)
MPRegen  0.10/turn              (no ring)

@: flying, very slow
A: large, see invisible, deformed body, poison resistance, slowness 2, slow
metabolism 1, spit poison 1, AC +1
a: Spit Poison


You were on level 2 of the Dungeon.
You were not hungry.

You visited 1 branch of the dungeon, and saw 2 of its levels.

Inventory:

Missiles
 a - 12 arrows
 h - 2 throwing nets (quivered)
Armour
 b - a +0 robe (worn)
 f - a +0 buckler
Scrolls
 g - a scroll of immolation
Comestibles
 c - 8 chunks of flesh
 d - 2 rations


   Skills:
 + Level 1.4 Fighting
 + Level 1.8 Dodging
 * Level 2.6 Stealth
 + Level 3.2 Unarmed Combat
 + Level 2.2 Spellcasting
 + Level 2.2 Transmutations
 + Level 0.4 Poison Magic


You couldn't memorise any spells.
You knew the following spells:

 Your Spells              Type           Power        Failure   Level  Hunger
a - Beastly Appendage     Tmut           #.....       10%         1    #......
b - Sticks to Snakes      Tmut           #.......     14%         2    ###....
c - Spider Form           Tmut/Pois      #.........   36%         3    ###....

Your spell library contained the following spells:

 Spells                   Type           Power        Failure   Level  Hunger
 Ice Form                 Ice/Tmut       #.......     82%         4    #####..
 Blade Hands              Tmut           #.........   95%         5    ######.


Dungeon Overview and Level Annotations

Branches:
Dungeon (2/15)

Altars:

Annotations:
D:1 2 exclusions


Innate Abilities, Weirdness & Mutations

You cannot wear boots.
Your serpentine skin is tough. (AC +1)
You have supernaturally acute eyesight. (SInv)
Armour fits poorly on your strangely shaped body.
Your system is resistant to poisons. (rPois)
You cover ground very slowly.
You have a slow metabolism.
You can spit poison.


Message History

The bat hits you but does no damage. The adder bites you. The adder misses you.
The bat closely misses you. The adder bites you.
* * * LOW HITPOINT WARNING * * *
The adder bites you.
* * * LOW HITPOINT WARNING * * *
Your magical contamination has completely faded away.
It was a potion of flight.
You feel very buoyant.
You fly up into the air.
The adder bites you but does no damage.
As you read the scroll labeled DOBINN JAIRHE, it crumbles to dust.
It is a scroll of identify.
g - a scroll of immolation The adder bites you.
* * * LOW HITPOINT WARNING * * *
The adder barely misses you.
As you read the scroll labeled DIUQUOBOCK, it crumbles to dust.
It is a scroll of enchant weapon.
You aren't carrying any weapons that can be enchanted.
The adder bites you.
You die...

### ###.##.... .....
.......).
...#..####........
#................ .....
...........#...# ...
...............# #.#
.........#.....#####.######
.........S..?...##.........
?........#@#............<..
........bS.#####...........
.........### #...........
#.##......b# #.......(...
##......# #...........
#......# #...........
#......# ##..........
#......# ##.........
######## ##########


You could see 2 adders and a bat.

Vanquished Creatures
  An ooze (D:1)
  A worm (D:1)
  2 dart slugs (D:1)
  4 leopard geckos
  2 giant cockroaches (D:1)
  3 goblins
  2 hobgoblins (D:1)
  2 jackals
  4 kobolds (D:1)
  7 bats (D:1)
  A frilled lizard (D:1)
  2 rats (D:1)
31 creatures vanquished.

Notes
Turn   | Place    | Note
-------+----------+-------------------------------------------
     0 | D:1      | DrunkBamboolord the Naga Transmuter began the quest for the
                  | Orb.
     0 | D:1      | Reached XP level 1. HP: 18/18 MP: 3/3
   192 | D:1      | Reached skill level 1 in Stealth
   294 | D:1      | Reached XP level 2. HP: 25/25 MP: 3/5
   501 | D:1      | Learned a level 2 spell: Sticks to Snakes
  1007 | D:1      | Reached XP level 3. HP: 17/31 MP: 4/6
  1039 | D:1      | Learned a level 3 spell: Spider Form
  1510 | D:2      | Slain by an adder

Skill      XL: |  1  2 |
---------------+-------+-----
Stealth        | 1 2 |  2.6
Fighting       | |  1.4
Dodging        | |  1.8
Unarmed Combat | |  3.2
Spellcasting   | |  2.2
Transmutations | |  2.2
Poison Magic   | |  0.4

Action                   || total
-------------------------++-------
Melee: Unarmed           ||   115
       Headbutt          ||    14
       Punch             ||     1
 Cast: Beastly Appendage ||    26
 Abil: Spit Poison       ||     1
  Use: Potion            ||     3
       Scroll            ||     2
 Stab: Sleeping          ||     2
  Eat: Chunk             ||     2
Armor: Robe              ||    38
Dodge: Dodged            ||    81
